 Dungeon Crawl Stone Soup version 0.24.0-2-g5b39cebb1c (webtiles) character file.

Game seed: 4064051194536427354, levelgen mode: deterministic

17767 Mrkan the Grappler (level 12, -18/124 HPs)
             Began as a Troll Monk on Oct 30, 2019.
             Was a High Priest of Nemelex Xobeh.
             Demolished by a skeletal warrior (illusionary)
             ... wielding a +0 war axe
             ... led by a death knight
              (20 damage)
             ... on level 11 of the Dungeon.
             The game lasted 00:23:01 (8256 turns).

Mrkan the Grappler (Troll Monk)                     Turns: 8256, Time: 00:23:02

Health: -18/124    AC:  8    Str: 22    XL:     12   Next: 21%
Magic:  11/11      EV: 10    Int: 10    God:    Nemelex Xobeh [*****.]
Gold:   516        SH: 17    Dex: 10    Spells: 10/11 levels left

rFire    . . .     SeeInvis +     - Unarmed
rCold    + . .     Gourm    +   u - +3 shield {rN+}
rNeg     + . .     Faith    .   L - +0 troll leather armour
rPois    .         Spirit   .   (helmet restricted)
rElec    .         Reflect  +   k - scarf {repulsion}
rCorr    .         Harm     .   (gloves unavailable)
MR       .....                  (boots unavailable)
Stlth    +.........             F - +3 amulet of reflection
HPRegen  1.10/turn              B - ring of see invisible
MPRegen  0.12/turn              K - ring of protection from cold

@: slowed, repel missiles, very slow
A: large, unfitting armour, claws 3, clumsy 1, fast metabolism 3, gourmand,
regeneration 1, shaggy fur 1, tough skin 3
a: Draw Escape, Draw Destruction, Draw Summoning, Triple Draw, Deal Four, Stack
Five, Renounce Religion


You were on level 11 of the Dungeon.
You worshipped Nemelex Xobeh.
Nemelex Xobeh was extremely pleased with you.
You were completely stuffed.

You visited 1 branch of the dungeon, and saw 11 of its levels.
You also visited: Sewer and Bailey.

You collected 516 gold pieces.

Inventory:

Hand Weapons
 c - the cursed +1 flail of Trauma {speed, rPois MP+9 Dex+7 Stlth+, unknown}
   (You found it on level 10 of the Dungeon)

   Attacks with this weapon are significantly faster.
   It affects your dexterity (+7).
   It protects you from poison.
   It affects your magic capacity (+9).
   It makes you more stealthy.
   It has a curse placed upon it.
 Q - a +1 eveningstar of draining
Missiles
 n - 3 large rocks
 s - 6 atropa-tipped darts (quivered)
 G - 42 poisoned darts
 I - 5 throwing nets
Armour
 j - a +2 shield
 k - a scarf of repulsion (worn)
 u - a +3 shield of positive energy (worn)
 L - a +0 troll leather armour (worn)
Jewellery
 d - an uncursed ring of flight
 B - a ring of see invisible (left claw)
 F - a +3 amulet of reflection (around neck)
 K - a ring of protection from cold (right claw)
Wands
 E - a wand of acid (14)
 N - a wand of iceblast (12)
 O - a wand of digging (7)
Scrolls
 g - 4 scrolls of fear
 h - 11 scrolls of teleportation
 l - 4 scrolls of fog
 o - 5 scrolls of immolation
 p - 2 scrolls of remove curse
 w - 2 scrolls of magic mapping
 D - 4 scrolls of enchant armour
 M - a scroll of enchant weapon
Potions
 a - 2 potions of invisibility
 e - 3 potions of heal wounds
 f - 2 potions of agility
 i - 3 potions of haste
 m - 7 potions of curing
 r - 2 potions of brilliance
 t - 5 potions of flight
 v - a potion of mutation
 x - 2 potions of degeneration
 A - a potion of ambrosia
 C - a potion of berserk rage {unknown}
 J - a potion of magic {unknown}
Comestibles
 b - 20 rations


   Skills:
 + Level 9.5 Fighting
 * Level 3.5 Throwing
 - Level 2.4 Dodging
 - Level 1.0 Stealth
 - Level 9.0 Shields
 + Level 12.8 Unarmed Combat


You had 10 spell levels left.
You knew the following spells:

 Your Spells              Type           Power        Failure   Level  Hunger
a - Animate Skeleton      Necr           N/A          41%         1    ##.....

Your spell library contained the following spells:

 Spells                   Type           Power        Failure   Level  Hunger
 Apportation              Tloc           #.....       41%         1    ##.....
 Confusing Touch          Hex            #.....       41%         1    ##.....
 Freeze                   Ice            #...         41%         1    ##.....
 Magic Dart               Conj           #...         41%         1    ##.....
 Summon Small Mammal      Summ           #...         41%         1    ##.....
 Throw Frost              Conj/Ice       #.....       54%         2    ###....
 Ozocubu's Armour         Chrm/Ice       #.......     78%         3    ####...
 Cause Fear               Hex            #.........   99%         4    #####..
 Summon Ice Beast         Ice/Summ       #.......     99%         4    #####..
 Throw Icicle             Conj/Ice       #.......     99%         4    #####..
 Silence                  Hex/Air        #.........   100%        5    ######.
 Yara's Violent Unravell  Hex/Tmut       #.........   100%        5    ######.
 Deflect Missiles         Chrm/Air       #.........   100%        6    #######
 Discord                  Hex            #.........   100%        8    #######


Dungeon Overview and Level Annotations

Branches:
Dungeon (11/15)            Temple (0/1) D:6            Lair (0/6) D:9
  Sewer (visited)          Bailey (visited)
    Orc: D:9-12

Altars:
Cheibriados
Dithmenos
Elyvilon
Fedhas
Gozag
Kikubaaqudgha
Nemelex Xobeh
Okawaru
Qazlal
Sif Muna
Uskayaw
Vehumet
Wu Jian
Xom

Annotations:
D:5 3 runed translucent doors, Nivan's ghost, weakling DrCj
D:7 3 runed translucent doors, Descartes's ghost, novice SpAE; RandomHacker's ghost, novice GnWn
D:10 1 runed translucent door


Innate Abilities, Weirdness & Mutations

You are too large for most types of armour.
You have claws for hands.
Your metabolism is lightning-fast.
You like to eat raw meat.
Your natural rate of healing is unusually fast.
You are covered in fur. (AC +1)
You have extremely tough skin. (AC +3)
You are clumsy. (Dex -2)


Message History

* * * LOW HITPOINT WARNING * * *
You block the skeletal warrior's attack.
You feel much better.
The skeletal warrior hits you with a +0 war axe.
You block the freezing wraith's attack. x2
The skeletal warrior hits you with a +0 war axe!!
* * * LOW HITPOINT WARNING * * *
You block the skeletal warrior's attack.
You block the freezing wraith's attack. x2
The skeletal warrior hits you but does no damage.
The skeletal warrior is lost in a daze.
You block the hell hog's attack.
The skeletal warrior hits you with a +0 war axe!!
* * * LOW HITPOINT WARNING * * *
The freezing wraith hits you but does no damage.
The freezing wraith hits you.
* * * LOW HITPOINT WARNING * * *
The skeletal warrior is lost in a daze.
The skeletal warrior hits you with a +0 war axe!!
You die...
Your body disappears without a glow.

#.....#.####.#.......#
......†...##..#.......#
.............)..........#
...........(.#.#)..).[..#
....>...................###
..........................#
.........#.........#####
.........##.Wh.....##
......#....#@z.....#
.....###....zz........
#...# ##.........##... ###.
...#.#.....# ..?. .
###.#.#.....# ...
#..........# .. ..........#
... ......#


You could see 3 skeletal warriors, a hell hog and a freezing wraith (dazed).

Vanquished Creatures
  Harold (D:10)
  Erica (D:8)
  A death knight (D:10)
  4 two-headed ogres
  A skeletal warrior (D:10)
  An unseen horror (D:10)
  8 deep elf magi (Bailey)
  A shining eye (Bailey)
  A cyclops (D:11)
  2 gargoyles
  2 trolls
  A meliai zombie (D:11)
  7 yaks
  A wyvern (D:10)
  A steam dragon (D:5)
  3 ice beasts
  5 sky beasts
  A black bear (D:6)
  5 phantoms
  3 orc warriors
  A tengu (D:6)
  A necrophage (D:3)
  2 ogres
  3 centaurs
  10 bullfrogs
  3 scorpions
  A water moccasin skeleton (D:10)
  22 killer bees
  5 howler monkeys
  5 crimson imps
  2 bullfrog zombies
  A centaur zombie (D:7)
  A centaur skeleton (D:6)
  4 hounds
  2 jellies
  4 orc priests
  Crazy Yiuf (D:6)
  11 orc wizards
  2 iguanas
  12 worker ants
  A hound zombie (D:10)
  2 hound skeletons (D:9)
  A howler monkey zombie (D:3)
  3 gnolls (D:4)
  A river rat (D:6)
  8 adders
  4 shadow imps
  2 oozes
  2 adder skeletons
  An adder zombie (D:6)
  2 worms
  5 dart slugs
  3 leopard geckos
  34 orcs
  17 giant cockroaches
  7 goblins
  5 hobgoblins
  12 jackals
  5 kobolds
  2 quokkas
  2 ball pythons
  15 bats
  11 frilled lizards
  A leopard gecko zombie (D:5)
  8 rats
  A butterfly (D:10)
298 creatures vanquished.

Vanquished Creatures (others)
  An orc (D:11)
1 creature vanquished.

Grand Total: 299 creatures vanquished

Notes
Turn   | Place    | Note
-------+----------+-------------------------------------------
     0 | D:1      | Mrkan the Troll Monk began the quest for the Orb.
     0 | D:1      | Reached XP level 1. HP: 22/22 MP: 0/0
    95 | D:1      | Reached XP level 2. HP: 29/29 MP: 1/1
   419 | D:1      | Reached XP level 3. HP: 36/36 MP: 2/2
   746 | D:1      | Reached skill level 4 in Unarmed Combat
  1278 | D:2      | Found a snail-covered altar of Cheibriados.
  1405 | D:3      | Found a sparkling altar of Nemelex Xobeh.
  1409 | D:3      | Became a worshipper of Nemelex Xobeh the Trickster
  1409 | D:3      | Received a gift from Nemelex Xobeh
  1409 | D:3      | Reached * piety under Nemelex Xobeh
  1409 | D:3      | Received a gift from Nemelex Xobeh
  1409 | D:3      | Reached ** piety under Nemelex Xobeh
  1430 | D:3      | Reached XP level 4. HP: 45/45 MP: 3/3
  1507 | D:3      | Noticed a necrophage
  1544 | D:3      | Killed a necrophage
  1544 | D:3      | Reached skill level 5 in Unarmed Combat
  1544 | D:3      | Reached XP level 5. HP: 49/53 MP: 4/4
  1834 | D:3      | Found a glowing drain.
  1838 | Sewer    | Entered a sewer
  2731 | D:4      | Reached XP level 6. HP: 38/62 MP: 5/5
  2757 | D:4      | Received a gift from Nemelex Xobeh
  2911 | D:4      | Reached skill level 6 in Unarmed Combat
  3334 | D:4      | Found a stormy altar of Qazlal.
  3334 | D:4      | Found an iron altar of Okawaru.
  3335 | D:4      | Found a blossoming altar of Fedhas.
  3390 | D:4      | Reached XP level 7. HP: 55/70 MP: 6/6
  3397 | D:4      | Received a gift from Nemelex Xobeh
  3398 | D:4      | Found an ornate altar of the Wu Jian Council.
  3499 | D:5      | Entered Level 5 of the Dungeon
  3506 | D:5      | Reached skill level 7 in Unarmed Combat
  3523 | D:5      | Reached *** piety under Nemelex Xobeh
  3725 | D:5      | Found a runed translucent gate.
  3725 | D:5      | Found a runed translucent gate.
  3726 | D:5      | Found a runed translucent gate.
  3729 | D:5      | Noticed Nivan's ghost (weakling DrCj)
  3767 | D:5      | Noticed Sigmund
  3770 | D:5      | Reached skill level 8 in Unarmed Combat
  3771 | D:5      | Noticed Sigmund
  3771 | D:5      | Sigmund changed into Sigmund the howler monkey
  3776 | D:5      | Killed Sigmund the howler monkey
  3782 | D:5      | Reached skill level 5 in Fighting
  3782 | D:5      | Reached XP level 8. HP: 58/80 MP: 7/7
  3921 | D:6      | Found an ancient bone altar of Kikubaaqudgha.
  3973 | D:6      | Received a gift from Nemelex Xobeh
  3979 | D:6      | Reached skill level 9 in Unarmed Combat
  4006 | D:6      | Found a staircase to the Ecumenical Temple.
  4048 | D:6      | Found a shimmering blue altar of Sif Muna.
  4050 | D:6      | Found a radiant altar of Vehumet.
  4054 | D:6      | Identified Vehumet's Papyrus of Conjuration
  4062 | D:6      | Noticed Prince Ribbit
  4109 | D:6      | Noticed Prince Ribbit
  4109 | D:6      | Prince Ribbit changed into Prince Ribbit the tengu
  4369 | D:6      | Killed Prince Ribbit the tengu
  4369 | D:6      | Reached skill level 10 in Unarmed Combat
  4493 | D:6      | Received a gift from Nemelex Xobeh
  4510 | D:6      | Reached XP level 9. HP: 89/89 MP: 8/8
  4513 | D:6      | Learned a level 1 spell: Animate Skeleton
  4553 | D:6      | Found a runed translucent door.
  4554 | D:6      | Noticed Crazy Yiuf
  4707 | D:6      | Killed Crazy Yiuf
  4750 | D:7      | Noticed a troll
  4758 | D:7      | Killed a troll
  4758 | D:7      | Reached skill level 1 in Shields
  5084 | D:7      | Found a shimmering altar of Xom.
  5165 | D:7      | Reached **** piety under Nemelex Xobeh
  5179 | D:7      | Found a runed translucent gate.
  5180 | D:7      | Found a runed translucent gate.
  5180 | D:7      | Found a runed translucent gate.
  5180 | D:7      | Noticed Descartes's ghost (novice SpAE)
  5180 | D:7      | Noticed RandomHacker's ghost (novice GnWn)
  5314 | D:7      | Received a gift from Nemelex Xobeh
  5532 | D:8      | Noticed Erica
  5549 | D:8      | Killed Erica
  5626 | D:8      | Noticed a two-headed ogre
  5642 | D:8      | Killed a two-headed ogre
  5642 | D:8      | Reached XP level 10. HP: 54/102 MP: 9/9
  5698 | D:8      | Noticed a two-headed ogre
  5717 | D:8      | Reached skill level 5 in Shields
  5814 | D:8      | Killed a two-headed ogre
  5814 | D:8      | Reached skill level 11 in Unarmed Combat
  5848 | D:8      | Found a white marble altar of Elyvilon.
  5868 | D:8      | Found a flagged portal.
  5880 | Bailey   | Entered a bailey
  5887 | Bailey   | Noticed a deep elf mage
  5894 | Bailey   | Killed a deep elf mage
  5908 | Bailey   | Noticed a deep elf mage
  5909 | Bailey   | Noticed a deep elf mage
  5909 | Bailey   | Noticed a deep elf mage
  5909 | Bailey   | Noticed a deep elf mage
  5910 | Bailey   | Noticed a deep elf mage
  5917 | Bailey   | Killed a deep elf mage
  5919 | Bailey   | Killed a deep elf mage
  5925 | Bailey   | Killed a deep elf mage
  5927 | Bailey   | Killed a deep elf mage
  5929 | Bailey   | Killed a deep elf mage
  5929 | Bailey   | Noticed a deep elf mage
  5936 | Bailey   | Killed a deep elf mage
  5936 | Bailey   | Reached XP level 11. HP: 82/111 MP: 10/10
  5963 | Bailey   | Noticed a deep elf knight
  5965 | Bailey   | Noticed a shining eye
  5965 | Bailey   | a deep elf knight changed into a shining eye
  5966 | Bailey   | Gained mutation: You are clumsy. (Dex -2) [a shining eye]
  5969 | Bailey   | Killed a shining eye
  6035 | Bailey   | Noticed a deep elf mage
  6045 | Bailey   | Killed a deep elf mage
  6087 | D:8      | Identified a scroll of acquirement
  6216 | D:8      | Received a gift from Nemelex Xobeh
  6638 | D:9      | Found an opulent altar of Gozag.
  6714 | D:9      | Reached skill level 12 in Unarmed Combat
  6832 | D:9      | Found a staircase to the Lair.
  6852 | D:9      | Received a gift from Nemelex Xobeh
  6888 | D:9      | Found a hide-covered altar of Uskayaw.
  6965 | D:9      | Noticed a two-headed ogre
  6976 | D:9      | Killed a two-headed ogre
  7068 | D:9      | Found a shadowy altar of Dithmenos.
  7175 | D:10     | Entered Level 10 of the Dungeon
  7351 | D:10     | Killed an unseen horror
  7379 | D:10     | Found a runed translucent door.
  7386 | D:10     | Found a runed translucent door.
  7598 | D:10     | Noticed Harold
  7617 | D:10     | Killed Harold
  7763 | D:10     | Received a gift from Nemelex Xobeh
  7917 | D:10     | Got an encrusted flail
  7941 | D:11     | Noticed a two-headed ogre
  7943 | D:11     | Killed a two-headed ogre
  7943 | D:11     | Reached skill level 1 in Throwing
  7961 | D:11     | Reached XP level 12. HP: 112/123 MP: 11/11
  8039 | D:11     | Reached ***** piety under Nemelex Xobeh
  8055 | D:11     | Noticed a death knight
  8073 | D:11     | Noticed a rakshasa
  8201 | D:10     | Killed a death knight
  8254 | D:11     | Noticed a hell hog
  8254 | D:11     | a rakshasa changed into a hell hog
  8256 | D:11     | HP: 4/124 [skeletal warrior (illusionary)/+0 war axe[a
                  | death knight] (26)]
  8256 | D:11     | Demolished by a skeletal warrior (illusionary)

Levels and vault maps discovered:
D:1:      sevenhm_arrival_forest_fort_small_6, layout_loops_ring,
          minmay_pentomino_o4
D:2:      layout_basic, cheibriados_altar_1
D:3:      layout_basic, gup_sewer_entry_bowl, nemelex_diamond_rough_becter
D:4:      layout_loops_cross, nicolae_overflow_quartered_altars, first_ration,
          minmay_misc_feat_tower, chequers_serial_rivers_micro_d
D:5:      layout_rooms, gammafunk_ghost_necromancy, small_statue_intersection,
          uniq_sigmund
D:6:      layout_cave_pools, grunt_temple_overflow_magic_moments,
          minmay_temple_entry_gardened_gates, minmay_chambers_of_fives,
          uniq_crazy_yiuf_cottage, uniq_prince_ribbit1
D:7:      layout_loops_ring, nicolae_overflow_crystal_walls,
          gammafunk_ghost_cemetery
D:8:      layout_rooms, old_standard_altar, enter_bailey_2, uniq_erica
D:9:      layout_roguey, lemuel_coloured_pillars_altar, lemuel_round_altar,
          nicolae_overflow_hidden_temple, dpeg_oklobed_lair
D:10:     lemuel_insect_pit, layout_basic, uniq_harold
D:11:     layout_rooms

Skill      XL: |  1  2  3  4  5  6  7  8  9 10 11 12 |
---------------+-------------------------------------+-----
Unarmed Combat | 4 5 6 8 10 11 12 | 12.8
Fighting       | 3 4 5 6 7 8 9 |  9.5
Shields        | 4 7 9 |  9.0
Throwing       | 1 3 |  3.5
Dodging        | |  2.4
Stealth        | |  1.0

Action                   |  1- 3 |  4- 6 |  7- 9 | 10-12 || total
-------------------------+-------+-------+-------+-------++-------
Melee: Unarmed           |    99 |   183 |   265 |   469 ||  1016
 Abil: Draw Destruction  |       |       |     3 |    15 ||    18
  Use: Potion            |       |       |     1 |     2 ||     3
       Scroll            |       |       |    10 |    14 ||    24
 Stab: Sleeping          |     1 |     1 |       |       ||     2
  Eat: Chunk             |    18 |    20 |    21 |    24 ||    83
Armor: Robe              |    45 |    89 |    69 |       ||   203
       Troll leather arm |       |       |    20 |    88 ||   108
Dodge: Dodged            |    83 |    79 |    68 |   116 ||   346
       Deflected         |       |       |       |     1 ||     1
Block: Shield            |       |    85 |   135 |   323 ||   543
       Reflection        |       |       |       |     3 ||     3
